 Dungeon Crawl Stone Soup version 0.21.1-1-g345015f (webtiles) character file.

197 Larett the Covert (level 5, 0/34 HPs)
             Began as an Octopode Assassin on Feb 17, 2018.
             Slain by a goblin
             ... wielding a cursed -2 club
              (4 damage)
             ... on level 3 of the Dungeon.
             The game lasted 00:07:51 (3442 turns).

Larett the Covert (Octopode Assassin)               Turns: 3442, Time: 00:07:52

Health: 0/34       AC:  1    Str:  8 (10) XL:     5   Next: 75%
Magic:  5/5        EV: 14    Int: 12 (14) God:
Gold:   132        SH:  3    Dex: 12 (14) Spells: 4/4 levels left

rFire    . . .     SeeInvis .   a - +3 dagger
rCold    . . .     Gourm    .   G - +0 buckler
rNeg     . . .     Faith    .   (helmet restricted)
rPois    .         Spirit   .   (no amulet)
rElec    .         Reflect  .   t - +2 ring of evasion
rCorr    .         Harm     .   y - +1 ring of slaying
MR       .....                  (no ring)
Stlth    +++++.....             (no ring)
HPRegen  0.11/turn              (no ring)
MPRegen  0.09/turn              (no ring)
                                (no ring)
                                (no ring)

@: hasted (expiring), very quick
A: almost no armour, stealthy swim, amphibious, 8 rings, constrict 8, camouflage
1, gelatinous body 1
a: no special abilities


You were on level 3 of the Dungeon.
You were not hungry.

You visited 1 branch of the dungeon, and saw 3 of its levels.

You collected 132 gold pieces.

Inventory:

Hand Weapons
 a - a +3 dagger (weapon)
 b - a +0 hunting sling
 q - a +0 blowgun
 u - a +0 club
 x - a +0 hunting sling
 O - a +0 hunting sling
 P - a +0 hunting sling
 Q - a +3 whip
 U - a +0 hunting sling
Missiles
 c - 19 poisoned needles
 d - 2 curare-tipped needles
 A - 144 stones
 H - 7 tomahawks (quivered)
 K - 5 bolts
 M - 12 arrows
 N - 54 sling bullets
Armour
 G - a +0 buckler (worn)
Jewellery
 t - a +2 ring of evasion (left tentacle)
 v - an uncursed amulet of regeneration {unknown}
 y - a +1 ring of slaying (right tentacle)
Scrolls
 w - a scroll of remove curse {unknown}
 E - a scroll of fear {unknown}
 F - 2 scrolls of random uselessness
 I - 2 scrolls of enchant weapon
 J - a scroll of noise {unknown}
 T - 2 scrolls of teleportation
Potions
 z - 2 potions of brilliance
 B - a potion of resistance
 C - a potion of lignification {!q}
Comestibles
 f - 4 rations
 V - 2 chunks of flesh


   Skills:
 - Level 2.0 Fighting
 - Level 2.0 Short Blades
 - Level 2.0 Throwing
 - Level 1.0 Dodging
 * Level 9.5 Stealth


You had 4 spell levels left.
You didn't know any spells.

Dungeon Overview and Level Annotations

Branches:
Dungeon (3/15)

Altars:


Innate Abilities, Weirdness & Mutations

You cannot wear most types of armour.
You are very stealthy in the water. (Stealth+)
You are amphibious.
You can wear up to eight rings at the same time.
You can use your tentacles to constrict eight enemies at once.
Your skin changes colour to match your surroundings (Stealth+).
Your rubbery body absorbs attacks. (AC +1, EV +1)


Message History

The kobold shoots a poisoned needle.
The poisoned needle misses you. The hobgoblin hits you.
* * * LOW HITPOINT WARNING * * *
You hit the hobgoblin. You grab the hobgoblin.
The hobgoblin is heavily wounded.
You constrict the hobgoblin, but do no damage.
You hit the hobgoblin.
The hobgoblin is almost dead.
You constrict the hobgoblin, but do no damage.
You block the hobgoblin's attack.
You hit the hobgoblin.
You kill the hobgoblin!
You hit the goblin. Your grab misses the goblin.
The goblin is moderately wounded.
Your extra speed is starting to run out.
You barely miss the goblin. You grab the goblin.
The goblin is moderately wounded.
You constrict the goblin, but do no damage.
The goblin hits you with a club.
You die...

.................................
.................................
≈≈≈≈≈.≈≈≈≈≈≈≈≈...≈≈≈≈...........≈
≈≈≈≈≈≈≈≈≈≈≈≈≈≈≈≈≈≈≈≈≈≈≈......≈≈≈≈
≈≈≈≈≈≈≈≈≈≈≈≈≈≈≈≈≈≈≈≈≈≈≈.....≈≈≈≈≈
≈≈≈≈≈≈≈≈≈≈≈≈≈≈≈≈≈≈≈≈≈≈≈≈.....≈≈≈≈
#########################''######
.....## ##....g#..(....#....#....
......###....Kgg@....(.#....#....
.......#......K#########....#####
..(.g..#.....K........#......#...
.....†g'.....(........'......'...
.....g.#.g............#......#...
.......#.....).#########....#####
......###......'.......#....#....
.....## ##.....#)......#....#....
#################################


You could see 2 big kobolds, a hobgoblin, 3 goblins and a kobold.

Vanquished Creatures
  3 gnolls (D:3)
  5 adders
  An ooze (D:2)
  A worm (D:2)
  3 dart slugs
  4 orcs (D:3)
  A ball python (D:2)
  7 giant cockroaches
  24 goblins
  26 hobgoblins
  A quokka (D:3)
  3 bats
  2 frilled lizards
  4 kobolds
  10 rats
95 creatures vanquished.

Notes
Turn   | Place    | Note
-------+----------+-------------------------------------------
     0 | D:1      | Larett the Octopode Assassin began the quest for the Orb.
     0 | D:1      | Reached XP level 1. HP: 14/14 MP: 1/1
   219 | D:1      | Reached XP level 2. HP: 13/19 MP: 2/2
   363 | D:1      | Reached skill level 6 in Stealth
  1015 | D:2      | Reached XP level 3. HP: 24/24 MP: 3/3
  1065 | D:2      | Reached skill level 7 in Stealth
  1209 | D:2      | Reached XP level 4. HP: 27/29 MP: 4/4
  1937 | D:3      | Reached skill level 8 in Stealth
  2328 | D:3      | Reached XP level 5. HP: 33/34 MP: 5/5
  2668 | D:3      | Reached skill level 9 in Stealth
  2786 | D:3      | HP: 7/51 [poisoned by an adder]
  2794 | D:3      | HP: 7/51 [poisoned by an adder]
  3394 | D:3      | Noticed a big kobold
  3401 | D:3      | HP: 3/34 [goblin/stone (6)]
  3435 | D:3      | Noticed a big kobold
  3437 | D:3      | HP: 3/34 [hobgoblin (2)]
  3442 | D:3      | Slain by a goblin

Skill      XL: |  1  2  3  4  5 |
---------------+----------------+-----
Stealth        | 6 7 8 9 |  9.5
Fighting       | |  2.0
Short Blades   | |  2.0
Throwing       | |  2.0
Dodging        | |  1.0

Action                   |  1- 3 |  4- 6 || total
-------------------------+-------+-------++-------
Melee: Dagger            |    51 |   108 ||   159
       Constrict         |    13 |    29 ||    42
       Tentacles         |    10 |    19 ||    29
 Fire: Hunting sling     |       |    31 ||    31
  Use: Scroll            |       |     5 ||     5
       Potion            |       |     4 ||     4
 Stab: Sleeping          |     7 |    13 ||    20
  Eat: Chunk             |     1 |     7 ||     8
Armor: Skin              |     2 |     3 ||     5
Dodge: Dodged            |    28 |    51 ||    79
Block: Buckler           |     3 |    11 ||    14
